 Dungeon Crawl Stone Soup version 0.27.0-1-g7a089689b8 (webtiles) character file.

Game seed: 5710563527230563593

93878 SnakkuSnakku7 the Brawler (level 13, 0/127 HPs)
             Began as a Troll Ice Elementalist on Aug 3, 2021.
             Was the Champion of Wu Jian.
             Slain by a slime creature (5 damage)
             ... on level 14 of the Dungeon.
             The game lasted 00:40:46 (22902 turns).

SnakkuSnakku7 the Brawler (Troll Ice Elementalist) Turns: 22902, Time: 00:40:46

Health: 0/127      AC: 18    Str: 19    XL:     13   Next: 61%
Magic:  23/23      EV: 11    Int: 16    God:    Wu Jian [******]
Gold:   691        SH: 11    Dex: 11    Spells: 13/14 levels left

rFire    . . .     SeeInvis .     - Unarmed
rCold    x . .     Faith    .   J - +0 kite shield
rNeg     + . .     Spirit   .   G - +0 acid dragon scales
rPois    +         Reflect  .   A - +3 hat of Pondering {ponderous, Will+ MP+10 Int+5}
rElec    .         Harm     .   T - +2 cloak {rPois}
rCorr    +         Rampage  .   (gloves unavailable)
Will     ++...                  (boots unavailable)
Stlth    +.........             m - amulet of the acrobat
HPRegen  1.31/turn              R - ring of Netemug {rF+ rN+ Will+ Dex-3}
MPRegen  0.18/turn              W - +4 ring of protection

@: slowed, very slow
A: large, unfitting armour, claws 3, regeneration 1, shaggy fur 1, tough skin 1,
hated by all, no hexes magic, no ice magic, no translocations magic,
inexperienced 1, temperature sensitive
a: Renounce Religion, Wall Jump, Serpent's Lash, Heavenly Storm


You were on level 14 of the Dungeon.
You worshipped Wu Jian.
Wu Jian was exalted by your worship.
You visited 4 branches of the dungeon, and saw 24 of its levels.
You also visited: Sewer and Ossuary.

You collected 2616 gold pieces.
You spent 1925 gold pieces at shops.

Inventory:

Hand Weapons
 b - the +9 demon whip of Drought {vorpal, Str+4}
   (You found it on level 6 of the Lair of Beasts)

   It inflicts extra damage upon your enemies.
   Str:       It affects your strength (+4).
 M - the +8 trident of Tasilit {venom, rCorr Stlth+}
   (You found it on level 7 of the Dungeon)

   It poisons the flesh of those it strikes.
   rCorr:     It protects you from acid and corrosion.
   Stlth:     It makes you more stealthy.
Missiles
 r - 77 poisoned darts (quivered)
Armour
 A - the +3 hat of Pondering (worn) {ponderous, Will+ MP+10 Int+5}
   (You took it off Gastronok on level 3 of the Lair of Beasts)

   Int:       It affects your intelligence (+5).
   MP:        It affects your magic capacity (+10).
   Will:      It increases your willpower.
 G - +0 acid dragon scales (worn)
 J - a +0 kite shield (worn)
 T - a +2 cloak of poison resistance (worn)
Jewellery
 c - a +6 ring of strength
 e - a ring of ice
 h - a ring of positive energy
 l - a +4 ring of evasion
 m - an amulet of the acrobat (around neck)
 E - a ring of poison resistance
 F - a +6 ring of strength
 R - the ring of Netemug (left claw) {rF+ rN+ Will+ Dex-3}
   (You bought it in a shop on level 1 of the Orcish Mines)

   [ring of protection from fire]

   Dex:       It affects your dexterity (-3).
   rF:        It protects you from fire.
   rN:        It protects you from negative energy.
   Will:      It increases your willpower.
 W - a +4 ring of protection (right claw)
Wands
 y - a wand of flame (29)
 C - a wand of polymorph (3)
 I - a wand of paralysis (16)
 K - a wand of digging (4)
 L - a wand of acid (3)
 U - a wand of mindburst (9)
 X - a wand of iceblast (5)
Scrolls
 f - 2 scrolls of magic mapping
 j - 12 scrolls of teleportation
 s - 2 scrolls of amnesia
 x - 3 scrolls of fear
 z - 3 scrolls of vulnerability
 B - 2 scrolls of fog
 D - a scroll of enchant armour
 N - a scroll of immolation
 P - a scroll of holy word
 Q - 2 scrolls of identify
 Y - a scroll of blinking
Potions
 a - a potion of ambrosia
 d - a potion of magic
 g - 3 potions of cancellation
 i - 8 potions of heal wounds
 k - a potion of haste
 n - 7 potions of flight
 o - 3 potions of berserk rage
 p - 3 potions of brilliance
 q - 7 potions of curing
 t - 5 potions of attraction
 u - 3 potions of might
 v - a potion of lignification
 w - a potion of resistance
 O - a potion of invisibility
 S - 4 potions of mutation
Miscellaneous
 H - a condenser vane
 V - a lightning rod (4/4)


   Skills:
 - Level 8.0 Fighting
 - Level 8.0 Dodging
 - Level 1.0 Stealth
 - Level 9.0 Shields
 + Level 19.1 Unarmed Combat
 - Level 1.2 Spellcasting
 - Level 8.0 Evocations


You had 13 spell levels left.
You knew the following spells:

 Your Spells              Type           Power      Damage    Failure   Level
a - Freeze                Ice            0%         1d3       30%         1

Your spell library contained the following spells:

 Spells                   Type           Power      Damage    Failure   Level
 Beastly Appendage        Tmut           0%         N/A       30%         1
 Wereblood                Tmut           0%         N/A       41%         2
 Ignite Poison            Fire/Tmut/Pois 0%         N/A       65%         3
 Mephitic Cloud           Conj/Pois/Air  0%         N/A       65%         3
 Spider Form              Tmut/Pois      0%         N/A       65%         3
 Dispel Undead            Necr           0%         3d6       96%         4
 Agony                    Necr           0%         N/A       100%        5
 Bolt of Magma            Conj/Fire/Erth 0%         4d4       100%        5
 Fireball                 Conj/Fire      0%         3d3       100%        5
 Iskenderun's Battlesphe  Conj           0%         2d6       100%        5
 Conjure Ball Lightning   Conj/Air       0%         3x3d6     100%        6
 Orb of Destruction       Conj           0%         N/A       100%        7
 Borgnjor's Revivificati  Necr           0%         N/A       100%        8
 Lehudib's Crystal Spear  Conj/Erth      0%         10d2      100%        8
 Corona                   Hex            Unusable   N/A       N/A         1
 Summon Small Mammal      Summ           Unusable   N/A       N/A         1
 Ensorcelled Hibernation  Hex/Ice        Unusable   N/A       N/A         2
 Call Canine Familiar     Summ           Unusable   N/A       N/A         3
 Frozen Ramparts          Ice            Unusable   1d2       N/A         3
 Ozocubu's Armour         Ice            Unusable   N/A       N/A         3
 Summon Guardian Golem    Hex/Summ       Unusable   N/A       N/A         3
 Tukima's Dance           Hex            Unusable   N/A       N/A         3
 Hailstorm                Conj/Ice       Unusable   3d3       N/A         4
 Passage of Golubria      Tloc           Unusable   N/A       N/A         4
 Silence                  Hex/Air        Unusable   N/A       N/A         5

Dungeon Overview and Level Annotations

Branches:
Dungeon (15/15)            Temple (1/1) D:7            Lair (6/6) D:9
  Swamp (0/4) Lair:2       Spider (0/4) Lair:4        Slime (0/5) Lair:5
    Orc (2/2) D:11            Elf (0/3) Orc:2        Vaults (0/5) D:13
  Sewer (visited)         Ossuary (visited)
 Depths: D:15

Altars:
Ashenzari
Cheibriados
Dithmenos
Elyvilon
Hepliaklqana
Makhleb
Nemelex Xobeh
Okawaru
Qazlal
Ru
Sif Muna
Trog
Uskayaw
Vehumet
Wu Jian
Yredelemnul
Zin
The Shining One
Beogh
Lugonu

Shops:
D:14 *   Orc:1 *   Orc:2 [*![(

Portals:
Abyss: Lair:6

Annotations:
D:7 2 transporters
Lair:1 exclusion: 2 oklob plants
Lair:3 Dig


Innate Abilities, Weirdness & Mutations

You are too large for most types of armour.
You have claws for hands.
Your natural rate of healing is unusually fast.
You are covered in fur. (AC +1)
You have tough skin. (AC +1)
You are hated by all.
You cannot study or cast Hexes magic.
You cannot study or cast Ice magic.
You cannot study or cast Translocations magic.
You are somewhat inexperienced. (-2 XL)
You are sensitive to extremes of temperature. (rF-, rC-)


Message History

You block the slime creature's attack. The slime creature hits you!
A large slime creature splits.
You mangle the slime creature!!
The slime creature is severely wounded.
The freezing wraith barely misses you. You block the freezing wraith's attack.
The slime creature hits you but does no damage. x2
You barely miss the freezing wraith. The slime creature hits you.
You block the slime creature's attack. The freezing wraith hits you.
The freezing wraith freezes you!!
You feel a terrible chill! You block the freezing wraith's attack.
Unknown command.
You scratch the freezing wraith but do no damage.
The slime creature hits you.
The slime creature hits you but does no damage.
The slime creature completely misses you.
The slime creature hits you but does no damage.
You closely miss the freezing wraith. The freezing wraith closely misses you.
You block the freezing wraith's attack. You block the slime creature's attack.
The slime creature closely misses you.
You scratch the freezing wraith but do no damage.
The slime creature hits you. The slime creature hits you!
The freezing wraith hits you but does no damage.
The freezing wraith hits you! The freezing wraith drains your vigour!
You feel yourself slow down.
Unknown command.
You closely miss the freezing wraith.
The slime creature hits you but does no damage.
You block the slime creature's attack. The slime creature hits you.
The slime creature hits you but does no damage.
You scratch the freezing wraith but do no damage.
The freezing wraith hits you. The freezing wraith freezes you!!
You feel a terrible chill!
* * * LOW HITPOINT WARNING * * *
The freezing wraith hits you but does no damage.
The slime creature hits you.
* * * LOW HITPOINT WARNING * * *
The slime creature hits you!
* * * LOW HITPOINT WARNING * * *
The slime creature hits you.
You die...

##...# ###### #...#
##.....
#########...#######..####
#..........##..(....##
#.............#######
#..........####
##......(### #......JWJ#
#......J@.# #...)..J..#
#.....(∩..# #.........#
##.......## ##.....##
#######


You could see 4 slime creatures and a freezing wraith.

Vanquished Creatures
  Saint Roka (Orc:2)
  Gastronok (Lair:3)
  An orc warlord (D:11)
  A very ugly thing (D:15)
  Azrael (D:15)
  An ettin (Orc:1)
  The ghost of Rassilon the Slicer, a journeyman VSBe of Trog (Lair:3)
  A death knight (D:13)
  3 boulder beetles
  15 hydras
  10 two-headed ogres
  2 centaur warriors
  3 thrashing horrors (Lair:6)
  2 orc high priests
  Sonja (Lair:2)
  A glowing orange brain (D:15)
  A large abomination (Lair:6)
  Pikel (D:5)
  A phantasmal warrior (D:13)
  An orb spider (Lair:4)
  A deep elf pyromancer (D:14)
  A wolf spider (D:14)
  4 manticores
  A mana viper (shapeshifter) (D:13)
  4 ugly things
  5 cyclopes
  2 orc sorcerers
  A guardian serpent (shapeshifter) (D:15)
  A black mamba (shapeshifter) (D:14)
  A black mamba (Lair:6)
  A gargoyle (D:10)
  2 smoke demons (Lair:6)
  5 elephants (Lair:2)
  15 cane toads
  A torpor snail (Lair:3)
  3 rime drakes
  An efreet (D:14)
  14 komodo dragons
  A rime drake (shapeshifter) (D:13)
  4 freezing wraiths
  2 ancient zymes (Lair:6)
  7 trolls
  34 blink frogs
  6 polar bears
  4 dream sheep (Lair:3)
  A spectral meliai (D:12)
  2 spriggans (Lair:6)
  4 wraiths
  A tarantella (shapeshifter) (D:13)
  54 yaks
  2 ynoxinuls (Lair:6)
  A wyvern (D:5)
  The ghost of Harkinian2 the Slasher, an amateur MiMo (D:3)
  5 basilisks
  5 fire elementals (D:14)
  10 vampire mosquitoes
  2 chaos spawn (Lair:6)
  7 wargs
  An acid dragon (D:11)
  14 small abominations (Lair:6)
  A hell hound (D:14)
  8 water moccasins
  Purgy (Sewer)
  A sky beast (D:7)
  A black bear (shapeshifter) (D:13)
  A necrophage (D:8)
  12 ogres
  27 orc warriors
  An ice beast (D:6)
  19 wolves
  6 centaurs
  A phantom (D:5)
  6 bullfrogs
  3 kobold brigands
  An elf zombie (Ossuary)
  Blork the orc (D:5)
  A gnoll sergeant (D:6)
  A water moccasin zombie (D:6)
  A water moccasin skeleton (D:5)
  32 killer bees
  2 electric eels
  3 howler monkeys (D:12)
  A crimson imp (D:5)
  6 centaur zombies
  A human zombie (Ossuary)
  3 centaur skeletons
  Crazy Yiuf (D:5)
  4 hounds
  24 orc priests
  A gnoll shaman (D:6)
  An iguana (D:6)
  20 orc wizards
  A killer bee zombie (D:8)
  3 hound zombies (Ossuary)
  The ghost of Spectrina the Ducker, a weakling DEMo (D:3)
  A hound skeleton (D:4)
  5 mummies
  11 gnolls
  10 adders
  2 white imps (D:6)
  2 adder zombies
  5 worms
  3 dart slugs
  77 orcs
  8 endoplasms
  6 giant cockroaches
  9 goblins
  5 hobgoblins
  4 jackals (D:4)
  8 quokkas
  5 ball pythons
  11 bats
  10 frilled lizards (D:2)
  A goblin zombie (D:5)
  4 hobgoblin zombies
  2 jackal zombies (Ossuary)
  17 kobolds
  2 kobold zombies (D:5)
  An orc skeleton (D:5)
  An orc zombie (Ossuary)
  4 rats
  A rat zombie (Ossuary)
  2 butterflies (Lair:5)
694 creatures vanquished.

Vanquished Creatures (others)
  A yak (Lair:3)
  A wolf (Lair:2)
  4 orcs (Orc:1)
  A bush (Lair:3)
  46 fungi
  47 plants
100 creatures vanquished.

Grand Total: 794 creatures vanquished

Notes
Turn   | Place    | Note
-------+----------+-------------------------------------------
     0 | D:1      | SnakkuSnakku7 the Troll Ice Elementalist began the quest
                  | for the Orb.
     0 | D:1      | Reached XP level 1. HP: 16/16 MP: 1/1
   263 | D:1      | Reached skill level 1 in Unarmed Combat
   445 | D:1      | Reached XP level 2. HP: 23/24 MP: 2/2
   847 | D:1      | Reached skill level 2 in Unarmed Combat
   953 | D:1      | Found a snail-covered altar of Cheibriados.
  1005 | D:2      | Reached XP level 3. HP: 31/31 MP: 3/3
  1184 | D:2      | Found a faded altar of an unknown god.
  1211 | D:2      | Reached skill level 3 in Unarmed Combat
  1387 | D:2      | Reached XP level 4. HP: 39/39 MP: 4/4
  1493 | D:2      | Reached skill level 4 in Unarmed Combat
  1782 | D:3      | Found a shimmering blue altar of Sif Muna.
  2032 | D:3      | Found a runed translucent gate.
  2033 | D:3      | Found a runed translucent gate.
  2309 | D:3      | Found a runed translucent gate.
  2309 | D:3      | Noticed Harkinian2's ghost (amateur MiMo)
  2310 | D:3      | Noticed Spectrina's ghost (weakling DEMo)
  2447 | D:3      | Found a stormy altar of Qazlal.
  2476 | D:3      | Found a hazy altar of Hepliaklqana.
  2623 | D:3      | Killed Spectrina's ghost
  2624 | D:3      | Reached XP level 5. HP: 40/45 MP: 5/5
  2655 | D:3      | Killed Harkinian2's ghost
  2656 | D:3      | Reached skill level 6 in Unarmed Combat
  2656 | D:3      | Reached XP level 6. HP: 27/53 MP: 6/6
  2821 | D:4      | Found a glowing drain.
  2825 | Sewer    | Entered a sewer
  2857 | Sewer    | Noticed Purgy
  2874 | Sewer    | Killed Purgy
  3038 | D:4      | Reached skill level 7 in Unarmed Combat
  3307 | D:4      | Reached XP level 7. HP: 59/59 MP: 7/7
  3804 | D:5      | Entered Level 5 of the Dungeon
  3861 | D:5      | Reached skill level 8 in Unarmed Combat
  3971 | D:5      | Found a glowing golden altar of the Shining One.
  4032 | D:5      | Reached skill level 9 in Unarmed Combat
  4109 | D:5      | Noticed a wyvern
  4112 | D:5      | Killed a wyvern
  4113 | D:5      | Reached XP level 8. HP: 61/67 MP: 8/8
  4119 | D:5      | Noticed Blork the orc
  4129 | D:5      | Killed Blork the orc
  4147 | D:5      | Found a sand-covered staircase.
  4157 | Ossuary  | Entered an ossuary
  4202 | Ossuary  | Reached skill level 10 in Unarmed Combat
  4663 | D:5      | Identified the +4 short sword of Famine {drain, rPois MP+9
                  | Int-3 SInv}
  4684 | D:5      | Noticed Pikel
  4712 | D:5      | Killed Pikel
  4713 | D:5      | Reached skill level 11 in Unarmed Combat
  4795 | D:5      | Found a glowing silver altar of Zin.
  4928 | D:5      | Found a runed translucent door.
  4929 | D:5      | Noticed Crazy Yiuf
  4939 | D:5      | Killed Crazy Yiuf
  5180 | D:6      | Reached XP level 9. HP: 61/74 MP: 9/9
  5180 | D:6      | Found a sparkling altar of Nemelex Xobeh.
  5814 | D:6      | Reached skill level 12 in Unarmed Combat
  5835 | D:6      | Reached skill level 1 in Fighting
  6005 | D:7      | Found a staircase to the Ecumenical Temple.
  6051 | D:7      | Found a transporter.
  6088 | Temple   | Entered the Ecumenical Temple
  6096 | Temple   | Became a worshipper of Ru the Awakened
  6150 | D:7      | Found a transporter.
  6334 | D:7      | Identified the +8 trident of Tasilit {venom, rCorr Stlth+}
  6603 | D:8      | Found a bloodstained altar of Trog.
  6993 | D:7      | Gained mutation: You cannot study or cast Ice magic. [Ru
                  | sacrifice]
  6993 | D:7      | Gained mutation: You cannot study or cast Hexes magic. [Ru
                  | sacrifice]
  6993 | D:7      | Gained mutation: You cannot study or cast Translocations
                  | magic. [Ru sacrifice]
  6993 | D:7      | Reached * piety under Ru
  7040 | D:8      | Reached skill level 5 in Fighting
  7094 | D:8      | Identified the +0 quarterstaff "Qicacyde" {freeze, *Corrode
                  | rC+ Will++}
  7581 | D:9      | Found a broken altar of Ashenzari.
  7609 | D:9      | Found a staircase to the Lair.
  7610 | D:9      | Noticed a komodo dragon
  7622 | D:9      | Killed a komodo dragon
  7633 | D:9      | Noticed a two-headed ogre
  7644 | D:9      | Killed a two-headed ogre
  7645 | D:9      | Reached XP level 10. HP: 68/102 MP: 10/10
  7692 | D:9      | Noticed a two-headed ogre
  7700 | D:9      | Killed a two-headed ogre
  7803 | D:9      | Found a basalt altar of Yredelemnul.
  7936 | D:10     | Entered Level 10 of the Dungeon
  8081 | D:10     | Found a white marble altar of Elyvilon.
  8110 | D:10     | Noticed a six-headed hydra
  8116 | D:10     | Noticed a two-headed ogre
  8118 | D:10     | Killed a six-headed hydra
  8215 | D:10     | Killed a two-headed ogre
  8332 | D:10     | Noticed a gargoyle
  8342 | D:10     | Killed a gargoyle
  8508 | D:10     | Found an iron altar of Okawaru.
  8508 | D:10     | Noticed a two-headed ogre
  8515 | D:10     | Killed a two-headed ogre
  8516 | D:10     | Reached skill level 5 in Evocations
  8519 | D:10     | Gained mutation: You are sensitive to extremes of
                  | temperature. (rF-, rC-) [Ru sacrifice]
  8519 | D:10     | Reached ** piety under Ru
  8519 | D:10     | Reached *** piety under Ru
  8636 | D:10     | Found a snail-covered altar of Cheibriados.
  8754 | Lair:1   | Entered Level 1 of the Lair of Beasts
  8889 | Lair:1   | Reached XP level 11. HP: 47/111 MP: 11/11
  8958 | Lair:1   | Noticed an oklob plant
  9791 | Lair:1   | Noticed an oklob plant
  9977 | Lair:2   | Noticed a six-headed hydra
  9987 | Lair:2   | Killed a six-headed hydra
 10225 | Lair:2   | Reached skill level 5 in Dodging
 10287 | Lair:2   | Noticed Sonja
 10289 | Lair:2   | Killed Sonja
 10290 | Lair:2   | Reached XP level 12. HP: 106/119 MP: 12/12
 10638 | Lair:2   | Noticed a seven-headed hydra
 10644 | Lair:2   | Killed a seven-headed hydra
 10646 | Lair:2   | Gained mutation: You are somewhat inexperienced. (-2 XL)
                  | [Ru sacrifice]
 10646 | Lair:2   | Reached XP level 11. HP: 109/111 MP: 11/11
 10646 | Lair:2   | Reached XP level 10. HP: 104/104 MP: 10/10
 10646 | Lair:2   | Reached **** piety under Ru
 10646 | Lair:2   | Reached ***** piety under Ru
 10810 | Lair:2   | Noticed a six-headed hydra
 10820 | Lair:2   | Killed a six-headed hydra
 10845 | Lair:2   | Noticed a five-headed hydra
 10982 | Lair:2   | Found a staircase to the Swamp.
 10988 | Lair:2   | Killed a five-headed hydra
 11224 | Lair:3   | Noticed Rassilon's ghost (journeyman VSBe)
 11405 | Lair:3   | Found a runed translucent door.
 11465 | Lair:3   | Noticed a four-headed hydra
 11476 | Lair:3   | Killed a four-headed hydra
 11477 | Lair:3   | Reached skill level 13 in Unarmed Combat
 11879 | Lair:3   | Noticed a four-headed hydra
 11896 | Lair:3   | Killed a four-headed hydra
 11897 | Lair:3   | Reached skill level 14 in Unarmed Combat
 12080 | Lair:3   | Reached XP level 11. HP: 82/111 MP: 11/11
 12114 | Lair:3   | Noticed Gastronok
 12217 | Lair:3   | Killed Gastronok
 12592 | Lair:3   | Found a runed translucent door.
 12729 | Lair:3   | Killed Rassilon's ghost
 12904 | Lair:4   | Reached skill level 15 in Unarmed Combat
 13141 | Lair:4   | Found a hole to the Spider Nest.
 13159 | Lair:4   | Gained mutation: You are hated by all. [Ru sacrifice]
 13159 | Lair:4   | Reached ****** piety under Ru
 13425 | Temple   | Fell from the grace of Ru
 13425 | Temple   | Became a worshipper of the Wu Jian Council
 13908 | Lair:4   | HP: 4/111 [seven-headed hydra (10)]
 13909 | Lair:4   | HP: 1/111 [seven-headed hydra (10)]
 14371 | Lair:5   | Reached skill level 1 in Shields
 14420 | Lair:5   | Found a staircase to the Slime Pits.
 14637 | Lair:4   | Reached * piety under Wu Jian
 14817 | Lair:5   | Reached skill level 5 in Shields
 15050 | Lair:6   | Entered Level 6 of the Lair of Beasts
 15455 | Lair:6   | Reached XP level 12. HP: 119/119 MP: 12/12
 15461 | Lair:6   | Reached ** piety under Wu Jian
 15577 | Lair:6   | Identified the +9 demon whip of Drought {vorpal, Str+4}
 15991 | Lair:6   | Found a corrupted altar of Lugonu.
 15991 | Lair:6   | Found a one-way gate to the infinite horrors of the Abyss.
 16270 | Lair:6   | Reached *** piety under Wu Jian
 17158 | D:11     | Found a staircase to the Orcish Mines.
 17319 | D:11     | Reached skill level 16 in Unarmed Combat
 17763 | D:12     | Found a hide-covered altar of Uskayaw.
 17824 | D:12     | Reached **** piety under Wu Jian
 17834 | D:12     | Got the Catalogue of Evil Rituals
 18156 | D:12     | You fall into a shaft and drop 2 floors!
 18156 | D:14     | Found Cadd's General Store.
 18171 | D:14     | Bought a condenser vane for 640 gold pieces
 18633 | Orc:1    | Entered Level 1 of the Orcish Mines
 18671 | Orc:1    | Reached skill level 17 in Unarmed Combat
 18679 | Orc:1    | Noticed an orc warlord
 18771 | D:11     | Killed an orc warlord
 18879 | Orc:1    | Found Viatiatsay's Assorted Antiques.
 19036 | Orc:1    | Reached ***** piety under Wu Jian
 19139 | Orc:1    | Bought a slimy marble ring for 125 gold pieces
 19139 | Orc:1    | Identified the ring of Netemug {rF+ rN+ Will+ Dex-3} (You
                  | bought it in a shop on level 1 of the Orcish Mines)
 19139 | Orc:1    | Bought a grey potion for 22 gold pieces
 19139 | Orc:1    | Bought a grey potion for 22 gold pieces
 19139 | Orc:1    | Bought a potion of heal wounds for 125 gold pieces
 19241 | Orc:1    | Reached XP level 13. HP: 127/127 MP: 13/13
 19392 | Orc:2    | Entered Level 2 of the Orcish Mines
 19392 | Orc:2    | Found Itritz's Antique Armour Emporium.
 19432 | Orc:2    | Bought an embroidered hat for 175 gold pieces
 19597 | Orc:2    | Found Rarreset's Distillery.
 19597 | Orc:2    | Found a staircase to the Elven Halls.
 19606 | Orc:2    | Bought a potion of heal wounds for 55 gold pieces
 19606 | Orc:2    | Bought a potion of mutation for 88 gold pieces
 19606 | Orc:2    | Bought a potion of mutation for 88 gold pieces
 20132 | Orc:2    | Noticed Saint Roka
 20190 | Orc:2    | Killed Saint Roka
 20191 | Orc:2    | Reached skill level 18 in Unarmed Combat
 20307 | Orc:2    | Found Xoinkaxe's Antique Weapon Boutique.
 20309 | Orc:2    | Found Afium's Antique Armour Shop.
 20316 | Orc:2    | Bought an embroidered cloak for 225 gold pieces
 20439 | Orc:2    | Found Ukaagroc's General Store.
 20450 | Orc:2    | Bought a potion of heal wounds for 80 gold pieces
 20450 | Orc:2    | Bought a scroll of enchant armour for 120 gold pieces
 20450 | Orc:2    | Bought a potion of resistance for 160 gold pieces
 20819 | D:13     | Identified the +9 scimitar of Dullness {flame, +Blink rC+}
 20902 | D:13     | Found a gate to the Vaults.
 20909 | D:13     | Reached ****** piety under Wu Jian
 22302 | D:15     | Entered Level 15 of the Dungeon
 22302 | D:15     | Noticed Azrael
 22499 | D:15     | Killed Azrael
 22642 | D:15     | Reached skill level 19 in Unarmed Combat
 22902 | D:14     | HP: 5/127 [slime creature (15)]
 22902 | D:14     | Slain by a slime creature

Illustrated notes

Levels and vault maps discovered:
D:1:      dpeg_arrival_lava_altar, layout_basic, chequers_serial_rivers_micro_d
D:2:      layout_basic, shapermc_ecumenical_altar_totnotflames,
          minmay_lizard_king
D:3:      layout_basic, overflow_temple_1_default, mainiacjoe_overflow_alcove_4,
          mainiacjoe_overflow_brackets, gammafunk_ghost_cemetery,
          kennysheep_generic_room_16
D:4:      layout_cave_pods, gup_sewer_entry_spiral, grunt_ministairs_10
D:5:      layout_loops_ring, nicolae_tso_besieged_by_evil,
          mainiacjoe_overflow_alcove_1, gup_ossuary_entry_pyramid, uniq_pikel,
          uniq_blork_the_orc, uniq_crazy_yiuf_cottage
D:6:      layout_loops_corners, nemelex_dance_club_becter
D:7:      gammafunk_beogh_shrine, layout_gridville,
          minmay_temple_entry_poolview, grunt_decor_arrowhead
D:8:      layout_basic, lemuel_doored_altar
D:9:      layout_big_octagon, mainiacjoe_overflow_chevrons,
          yredelemnul_altar_generic, david_lair_shrubbed
D:10:     layout_cave_pods, cheibriados_altar_1, elyvilon_altar_4,
          kennysheep_little_box
D:11:     layout_roguey, orc_0_dummy
D:12:     layout_irregular_city, hangedman_weighted_door,
          nicolae_uskayaw_en_pointe
D:13:     layout_loops_ring, david_vaults_2, serial_co_window_serial,
          co_window_paths_a, co_window_paths_b, co_window_paths_a,
          co_window_corner_a, co_window_paths_a, co_window_of_opportunity_b,
          co_window_broadway_a, co_window_paths_c, co_window_corner_ca,
          co_window_broadway_c, minivault_10
D:14:     layout_rooms, serial_curves, eino_curves_04, eino_curves_01,
          serial_shops, shop
D:15:     gammafunk_enter_depths_forms, layout_small_grid, enter_trove_1,
          chequers_mini_garden, einodemon_barbed_minivault, uniq_azrael
Temple:   dpeg_chambers_temple
Lair:1:   dpeg_oklob_gauntlet, layout_chaotic_city, gammafunk_lair_bear_cave,
          grunt_megastairs_5
Lair:2:   layout_gridlike, palyth_hydra_swamp_entry, uniq_sonja
Lair:3:   wad_woods_minihive, layout_loops_ring, hellmonk_ghost_happy_afterlife,
          pf_torpor_hydra, uniq_gastronok
Lair:4:   layout_cellular_growth, nicolae_spider_entry_orb_guardian
Lair:5:   layout_misc_corridors, slime_dummy, chequers_serial_rivers_small_a,
          grunt_megastairs_3, lemuel_fruit_fields, infiniplex_staircase_pool_2
Lair:6:   hellmonk_lair_end_abyssal_woods, layout_gridlike
Orc:1:    layout_caves, serial_shops, nicolae_shop_behind_doors
Orc:2:    grunt_orc_community_town_hall, layout_caves,
          grunt_orc_community_big_house_2, grunt_orc_community_big_house_1,
          grunt_orc_community_house_3, grunt_orc_community_house_1,
          grunt_orc_community_house_3, grunt_orc_community_house_2,
          grunt_orc_community_house_1, serial_shops, shop_fountains,
          david_defended_altar_orc

Skill      XL: |  1  2  3  4  5  6  7  8  9 10 11 12 13 |
---------------+----------------------------------------+-----
Unarmed Combat | 1 2 3 4 6 7 9 11 12 14 15 17 19 | 19.1
Fighting       | 7 8 |  8.0
Ice Magic      | 0 |  0.0
Evocations     | 5 8 |  8.0
Dodging        | 8 5 6 |  8.0
Shields        | 6 9 |  9.0
Stealth        | |  1.0
Spellcasting   | |  1.2

Action                   |  1- 3 |  4- 6 |  7- 9 | 10-12 | 13-15 || total
-------------------------+-------+-------+-------+-------+-------++-------
Melee: Unarmed           |    77 |   212 |   366 |  1455 |   464 ||  2574
       Punch             |     2 |     5 |    13 |    38 |       ||    58
       Trident           |       |       |       |    18 |       ||    18
       Demon whip        |       |       |       |     1 |       ||     1
Throw: Dart              |       |       |     9 |    12 |       ||    21
Invok: Sacrifice Arcana  |       |       |     1 |       |       ||     1
       Sacrifice Experie |       |       |       |     1 |       ||     1
       Sacrifice Resista |       |       |       |     1 |       ||     1
       Lunge             |       |       |       |    35 |    21 ||    56
       Whirlwind         |       |       |       |    11 |    13 ||    24
       Apocalypse        |       |       |       |     1 |       ||     1
       Sacrifice Love    |       |       |       |     1 |       ||     1
       Serpent's Lash    |       |       |       |       |     1 ||     1
Evoke: Wand              |       |       |       |    66 |    14 ||    80
       Condenser vane    |       |       |       |       |     1 ||     1
  Use: Scroll            |       |       |     9 |    15 |     3 ||    27
       Potion            |       |       |       |     3 |     1 ||     4
 Stab: Sleeping          |     6 |     1 |     1 |       |       ||     8
       Invisible         |       |       |       |     4 |       ||     4
       Paralysed         |       |       |       |     4 |       ||     4
       Distracted        |       |       |       |     2 |       ||     2
Armor: Robe              |    17 |    72 |    76 |   205 |       ||   370
       Acid dragon scale |       |       |       |    70 |   103 ||   173
Dodge: Dodged            |    38 |   152 |   315 |  1086 |   176 ||  1767
Block: Kite shield       |       |       |       |   397 |   181 ||   578
